| TOP OF THE 1ST |
|
Miami Marlins batting - Pitching for Washington Nationals : RHP Jason Cheek
|
|
Pitching: RHP Jason Cheek
|
|
|
Batting: RHB Roger Salazar
|
0-0: Ball 1-0: Ball 2-0: Ground out U3 (Groundball, 3, EV 78.8 MPH)
|
|
Batting: RHB Bert Clark
|
0-0: Ball 1-0: Ball 2-0: Foul Ball, location: 2F 2-1: Foul Ball, location: 2F 2-2: Ball 3-2: Strikes out swinging
|
|
Batting: LHB Andre Gorter
|
0-0: Ball 1-0: Foul Ball, location: 2F 1-1: Ball 2-1: Foul Ball, location: 2F 2-2: Strikes out looking
|
| Top of the 1st over - 0 runs, 0 hits, 0 errors, 0 left on base; Miami 0 - Washington 0 |
| BOTTOM OF THE 1ST |
|
Washington Nationals batting - Pitching for Miami Marlins : RHP Oscar Banda
|
|
Pitching: RHP Oscar Banda
|
|
|
Batting: LHB Bi-jun Chien
|
0-0: Ball 1-0: Foul Ball, location: 2F 1-1: Foul Ball, location: 2F 1-2: Foul Ball, location: 2F 1-2: Ball 2-2: Strikes out swinging
|
|
Batting: LHB Bob Melley
|
0-0: Ball 1-0: Called Strike 1-1: Ball 2-1: Ball 3-1: Foul Ball, location: 2F 3-2: Ground out U3 (Groundball, 3L, EV 96.9 MPH)
|
|
Batting: RHB John Sanders
|
0-0: Foul Ball, location: 2F 0-1: Ball 1-1: Ground out 4-3 (Groundball, 34D, EV 101.9 MPH)
|
| Bottom of the 1st over - 0 runs, 0 hits, 0 errors, 0 left on base; Miami 0 - Washington 0 |
| TOP OF THE 2ND |
|
Miami Marlins batting - Pitching for Washington Nationals : RHP Jason Cheek
|
|
Batting: RHB Jimmy Groseclose
|
0-0: Foul Ball, location: 2F 0-1: Foul Ball, location: 2F 0-2: Foul Ball, location: 2F 0-2: Ball 1-2: Ball 2-2: Foul Ball, location: 2F 2-2: Ball 3-2: Fly out, F8 (Flyball, 8RS, EV 93.1 MPH)
|
|
Batting: RHB Tony Stedman
|
0-0: Foul Ball, location: 2F 0-1: Swinging Strike 0-2: SINGLE (Groundball, 34, EV 85.6 MPH) (infield hit)
|
|
Batting: LHB Jose Bregaro
|
0-0: Called Strike 0-1: Ball 1-1: Ball 2-1: Ball 3-1: Foul Ball, location: 2F 3-2: 2-RUN HOME RUN (Line Drive, 89XD, EV 106.9 MPH), Distance : 390 ft
|
|
Batting: RHB Mike Gar
|
0-0: Ball 1-0: Called Strike 1-1: Ball 2-1: Ground out U3 (Groundball, 3, EV 104.4 MPH)
|
|
Batting: RHB Steve Barnard
|
0-0: Ball 1-0: Called Strike 1-1: Foul Ball, location: 2F 1-2: Ground out U3 (Groundball, 34, EV 85.6 MPH)
|
| Top of the 2nd over - 2 runs, 2 hits, 0 errors, 0 left on base; Miami 2 - Washington 0 |
| BOTTOM OF THE 2ND |
|
Washington Nationals batting - Pitching for Miami Marlins : RHP Oscar Banda
|
|
Batting: LHB Seth Cook
|
0-0: Called Strike 0-1: Fly out, F7 (Flyball, 7, EV 78.8 MPH)
|
|
Batting: RHB Dave Vargas
|
0-0: Swinging Strike 0-1: Ground out U3 (Groundball, 34S, EV 80.0 MPH)
|
|
Batting: LHB Jeff Luvisi
|
0-0: Called Strike 0-1: Called Strike 0-2: Strikes out swinging
|
| Bottom of the 2nd over - 0 runs, 0 hits, 0 errors, 0 left on base; Miami 2 - Washington 0 |
| TOP OF THE 3RD |
|
Miami Marlins batting - Pitching for Washington Nationals : RHP Jason Cheek
|
|
Batting: RHB Willie Chavez
|
0-0: Swinging Strike 0-1: Called Strike 0-2: Ball 1-2: Fly out, F7 (Flyball, 7LS, EV 83.1 MPH)
|
|
Batting: RHB Roger Salazar
|
0-0: Foul Ball, location: 2F 0-1: Ground out 6-3 (Groundball, 6, EV 86.2 MPH)
|
|
Batting: RHB Bert Clark
|
0-0: Ball 1-0: Foul Ball, location: 2F 1-1: Ball 2-1: Fly out, F4 (Line Drive, 4, EV 70.0 MPH)
|
| Top of the 3rd over - 0 runs, 0 hits, 0 errors, 0 left on base; Miami 2 - Washington 0 |
| BOTTOM OF THE 3RD |
|
Washington Nationals batting - Pitching for Miami Marlins : RHP Oscar Banda
|
|
Batting: RHB Hisayuki Akiyama
|
0-0: Ball 1-0: Ball 2-0: Foul Ball, location: 2F 2-1: Foul Ball, location: 2F 2-2: Foul Ball, location: 2F 2-2: Ball 3-2: Strikes out swinging
|
|
Batting: RHB Takanibu Kaneshiro
|
0-0: Foul Ball, location: 2F 0-1: Swinging Strike 0-2: Strikes out looking
|
|
Batting: RHB Dusty Ballard
|
0-0: Swinging Strike 0-1: Ball 1-1: Ball 2-1: DOUBLE (Flyball, 78XD, EV 93.8 MPH)
|
|
Batting: LHB Bi-jun Chien
|
0-0: Called Strike 0-1: Ball 1-1: Ball 2-1: Ground out U3 (Groundball, 34S, EV 93.1 MPH)
|
| Bottom of the 3rd over - 0 runs, 1 hit, 0 errors, 1 left on base; Miami 2 - Washington 0 |
| TOP OF THE 4TH |
|
Miami Marlins batting - Pitching for Washington Nationals : RHP Jason Cheek
|
|
Batting: LHB Andre Gorter
|
0-0: Ball 1-0: Called Strike 1-1: Fly out, F9 (Line Drive, 89S, EV 93.1 MPH)
|
|
Batting: RHB Jimmy Groseclose
|
0-0: Ball 1-0: Called Strike 1-1: Ball 2-1: Foul Ball, location: 2F 2-2: Ball 3-2: Foul Ball, location: 2F 3-2: Base on Balls
|
|
Batting: RHB Tony Stedman
|
0-0: Ball 1-0: DOUBLE (Line Drive, 89XD, EV 106.2 MPH) Jimmy Groseclose to third Runner from 3rd tries for Home, SAFE, throw by CF to home
|
|
Batting: LHB Jose Bregaro
|
0-0: 2-RUN HOME RUN (Flyball, 89XD, EV 105.6 MPH), Distance : 408 ft
|
|
Batting: RHB Mike Gar
|
0-0: Called Strike 0-1: Ball 1-1: Ball 2-1: Swinging Strike 2-2: Strikes out swinging
|
|
Batting: RHB Steve Barnard
|
0-0: Ball 1-0: Swinging Strike 1-1: Swinging Strike 1-2: Ball 2-2: Foul Ball, location: 2F 2-2: Strikes out looking and he ARGUES THE CALL AND IS TOSSED!
|
| Top of the 4th over - 3 runs, 2 hits, 0 errors, 0 left on base; Miami 5 - Washington 0 |
| BOTTOM OF THE 4TH |
|
Washington Nationals batting - Pitching for Miami Marlins : RHP Oscar Banda
|
|
Now at 3B: Alberto Cotto
|
|
|
Batting: LHB Bob Melley
|
0-0: Ground out U3 (Groundball, 3L, EV 85.6 MPH)
|
|
Batting: RHB John Sanders
|
0-0: Ball 1-0: Ball 2-0: Ball 3-0: Called Strike 3-1: Base on Balls
|
|
Batting: LHB Seth Cook
|
0-0: Ball 1-0: Ball 2-0: Called Strike 2-1: Called Strike 2-2: Ball 3-2: Fly out, F9 (Line Drive, 9S, EV 88.1 MPH)
|
|
Batting: RHB Dave Vargas
|
0-0: Called Strike 0-1: Swinging Strike 0-2: Foul Ball, location: 2F 0-2: Strikes out swinging
|
| Bottom of the 4th over - 0 runs, 0 hits, 0 errors, 1 left on base; Miami 5 - Washington 0 |
| TOP OF THE 5TH |
|
Miami Marlins batting - Pitching for Washington Nationals : RHP Jason Cheek
|
|
Batting: RHB Willie Chavez
|
0-0: Called Strike 0-1: Swinging Strike 0-2: Ball 1-2: DOUBLE (Line Drive, 3D, EV 97.5 MPH)
|
|
Batting: RHB Roger Salazar
|
0-0: Ball 1-0: Ground out 5-3 (Groundball, 5L, EV 82.5 MPH)
|
|
Batting: RHB Bert Clark
|
0-0: Foul Ball, location: 2F 0-1: Ball 1-1: Ball 2-1: Called Strike 2-2: Strikes out looking
|
|
Batting: LHB Andre Gorter
|
0-0: Called Strike 0-1: Foul Ball, location: 2F 0-2: Ball 1-2: Ground out 4-3 (Groundball, 4, EV 83.1 MPH)
|
| Top of the 5th over - 0 runs, 1 hit, 0 errors, 1 left on base; Miami 5 - Washington 0 |
| BOTTOM OF THE 5TH |
|
Washington Nationals batting - Pitching for Miami Marlins : RHP Oscar Banda
|
|
Batting: LHB Jeff Luvisi
|
0-0: Ball 1-0: SINGLE (Groundball, 6MS, EV 74.4 MPH) (infield hit)
|
|
Batting: RHB Hisayuki Akiyama
|
0-0: Swinging Strike 0-1: Ball 1-1: Ball 2-1: Ball 3-1: Grounds into double play, 6-4-3 (Groundball, 6, EV 85.0 MPH)
|
|
Batting: RHB Takanibu Kaneshiro
|
0-0: Called Strike 0-1: Foul Ball, location: 2F 0-2: Foul Ball, location: 2F 0-2: Foul Ball, location: 2F 0-2: Ball 1-2: SINGLE (Line Drive, 7S, EV 89.4 MPH)
|
|
Batting: RHB Dusty Ballard
|
0-0: Called Strike 0-1: TRIPLE (Flyball, 89XD, EV 106.9 MPH) Takanibu Kaneshiro scores
|
|
Batting: LHB Bi-jun Chien
|
0-0: Ball 1-0: Ball 2-0: Ball 3-0: Base on Balls
|
|
Batting: LHB Bob Melley
|
0-0: Ball 1-0: Ball 2-0: Ground out 4-3 (Groundball, 4D, EV 103.1 MPH)
|
| Bottom of the 5th over - 1 run, 3 hits, 0 errors, 2 left on base; Miami 5 - Washington 1 |
| TOP OF THE 6TH |
|
Miami Marlins batting - Pitching for Washington Nationals : RHP Jason Cheek
|
|
Batting: RHB Jimmy Groseclose
|
0-0: Foul Ball, location: 2F 0-1: Called Strike 0-2: DOUBLE (Flyball, 89D, EV 100.0 MPH)
|
|
Batting: RHB Tony Stedman
|
0-0: Ball 1-0: Called Strike 1-1: Ball 2-1: Foul Ball, location: 2F 2-2: SINGLE (Groundball, 56D, EV 100.6 MPH) Jimmy Groseclose to third Runner from 3rd tries for Home, SAFE, throw by LF to home Tony Stedman to second
|
|
Pitching: RHP Seth Bowersox
|
|
|
Batting: LHB Jose Bregaro
|
0-0: Called Strike 0-1: Called Strike 0-2: Ball 1-2: Ball 2-2: Foul Ball, location: 2F 2-2: Strikes out swinging
|
|
Batting: RHB Mike Gar
|
0-0: Called Strike 0-1: Ball 1-1: Foul Ball, location: 2F 1-2: Foul Ball, location: 2F 1-2: Strikes out swinging
|
|
Batting: RHB Alberto Cotto
|
0-0: Called Strike 0-1: Ball 1-1: Ball 2-1: Ball 3-1: Base on Balls
|
|
Batting: RHB Willie Chavez
|
0-0: Ball 1-0: Foul Ball, location: 2F 1-1: SINGLE (Groundball, 4D, EV 111.2 MPH) Tony Stedman to third Alberto Cotto to second Runner from 3rd tries for Home, SAFE, throw by RF to home
|
|
Batting: RHB Roger Salazar
|
0-0: Ball 1-0: Foul Ball, location: 2F 1-1: Swinging Strike 1-2: Ball 2-2: Foul Ball, location: 2F 2-2: Foul Ball, location: 2F 2-2: Foul Ball, location: 2F 2-2: Foul Ball, location: 2F 2-2: Ball 3-2: Ground out 5-3 (Groundball, 5, EV 103.1 MPH)
|
| Top of the 6th over - 2 runs, 3 hits, 0 errors, 2 left on base; Miami 7 - Washington 1 |
| BOTTOM OF THE 6TH |
|
Washington Nationals batting - Pitching for Miami Marlins : RHP Oscar Banda
|
|
Batting: RHB John Sanders
|
0-0: Called Strike 0-1: Swinging Strike 0-2: Foul Ball, location: 2F 0-2: Foul Ball, location: 2F 0-2: Ball 1-2: Ball 2-2: Fly out, F7 (Flyball, 78M, EV 80.6 MPH)
|
|
Batting: LHB Seth Cook
|
0-0: Ball 1-0: Ball 2-0: Foul Ball, location: 2F 2-1: SOLO HOME RUN (Line Drive, 9D, EV 100.6 MPH), Distance : 390 ft
|
|
Batting: RHB Dave Vargas
|
0-0: Called Strike 0-1: Ground out 3-1 (Groundball, 34, EV 106.9 MPH)
|
|
Batting: LHB Jeff Luvisi
|
0-0: Ball 1-0: Ground out 6-3 (Groundball, 6, EV 77.5 MPH)
|
| Bottom of the 6th over - 1 run, 1 hit, 0 errors, 0 left on base; Miami 7 - Washington 2 |
| TOP OF THE 7TH |
|
Miami Marlins batting - Pitching for Washington Nationals : RHP Seth Bowersox
|
|
Batting: RHB Bert Clark
|
0-0: Ball 1-0: Ball 2-0: Called Strike 2-1: Ball 3-1: Base on Balls
|
|
Batting: LHB Andre Gorter
|
0-0: Ball 1-0: Called Strike 1-1: Ball 2-1: Swinging Strike 2-2: Ball 3-2: Strikes out swinging Bert Clark is caught stealing 2nd base 2-6 Batter strikes out.
|
|
Batting: RHB Jimmy Groseclose
|
0-0: Called Strike 0-1: Foul Ball, location: 2F 0-2: Strikes out swinging
|
| Top of the 7th over - 0 runs, 0 hits, 0 errors, 0 left on base; Miami 7 - Washington 2 |
| BOTTOM OF THE 7TH |
|
Washington Nationals batting - Pitching for Miami Marlins : RHP Oscar Banda
|
|
Batting: RHB Hisayuki Akiyama
|
0-0: Ball 1-0: Ball 2-0: Ball 3-0: Called Strike 3-1: Foul Ball, location: 2F 3-2: Base on Balls
|
|
Batting: RHB Takanibu Kaneshiro
|
0-0: Ball 1-0: Called Strike 1-1: Ball 2-1: Ball 3-1: 2-RUN HOME RUN (Flyball, 78XD, EV 98.1 MPH), Distance : 401 ft
|
|
Batting: RHB Dusty Ballard
|
0-0: Ball 1-0: Swinging Strike 1-1: Fly out, F8 (Flyball, 8RM, EV 84.4 MPH)
|
|
Batting: LHB Bi-jun Chien
|
0-0: Called Strike 0-1: Ball 1-1: Swinging Strike 1-2: Strikes out swinging
|
|
Batting: LHB Bob Melley
|
0-0: Ball 1-0: Swinging Strike 1-1: Ball 2-1: Foul Ball, location: 2F 2-2: Ball 3-2: Foul Ball, location: 2F 3-2: Strikes out swinging
|
| Bottom of the 7th over - 2 runs, 1 hit, 0 errors, 0 left on base; Miami 7 - Washington 4 |
| TOP OF THE 8TH |
|
Miami Marlins batting - Pitching for Washington Nationals : RHP Seth Bowersox
|
|
Pitching: LHP Rafael Silva
|
|
|
Batting: RHB Tony Stedman
|
0-0: Ball 1-0: SOLO HOME RUN (Flyball, 7D, EV 96.2 MPH), Distance : 380 ft
|
|
Batting: LHB Jose Bregaro
|
0-0: Ball 1-0: SINGLE (Groundball, 4MS, EV 71.9 MPH) (infield hit)
|
|
Batting: RHB Mike Gar
|
0-0: Called Strike 0-1: Sac Bunt to 13 - play at first, batter OUT! 1-3 Jose Bregaro to second
|
|
Batting: RHB Alberto Cotto
|
0-0: Ball 1-0: Ground out 5-3 (Groundball, 5S, EV 67.5 MPH) Jose Bregaro to third
|
|
Batting: RHB Willie Chavez
|
0-0: Foul Ball, location: 2F 0-1: Called Strike 0-2: SINGLE (Line Drive, 8LS, EV 85.0 MPH) Jose Bregaro scores
|
|
Batting: RHB Roger Salazar
|
0-0: SINGLE (Groundball, 6D, EV 107.5 MPH) Willie Chavez to second Runner from 2nd tries for 3rd, SAFE, throw by CF made to third
|
|
Batting: RHB Bert Clark
|
0-0: Called Strike 0-1: Ball 1-1: Called Strike 1-2: Foul Ball, location: 2F 1-2: Ball 2-2: Ball 3-2: Foul Ball, location: 2F 3-2: Base on Balls Roger Salazar to second
|
|
Batting: LHB Andre Gorter
|
0-0: Fielders Choice at 2nd, U6 (Groundball, 6M, EV 100.6 MPH)
|
| Top of the 8th over - 2 runs, 4 hits, 0 errors, 3 left on base; Miami 9 - Washington 4 |
| BOTTOM OF THE 8TH |
|
Washington Nationals batting - Pitching for Miami Marlins : RHP Oscar Banda
|
|
Pitching: RHP Chris Funderburg
|
|
|
Batting: RHB John Sanders
|
0-0: SINGLE (Line Drive, 9S, EV 101.9 MPH)
|
|
Batting: LHB Seth Cook
|
0-0: Called Strike 0-1: Ball 1-1: Ball 2-1: Ball 3-1: Base on Balls John Sanders to second
|
|
Batting: RHB Dave Vargas
|
0-0: Ball 1-0: Ball 2-0: Swinging Strike 2-1: Foul Ball, location: 2F 2-2: SINGLE (Line Drive, 89S, EV 91.9 MPH) John Sanders to third Seth Cook to second Runner from 3rd tries for Home, throw by RF and OUT! 9-2
|
|
Batting: LHB Jeff Luvisi
|
0-0: Ball 1-0: Called Strike 1-1: Swinging Strike 1-2: Ball 2-2: Foul Ball, location: 2F 2-2: Grounds into double play, 4-6-3 (Groundball, 34D, EV 89.4 MPH)
|
| Bottom of the 8th over - 0 runs, 2 hits, 0 errors, 1 left on base; Miami 9 - Washington 4 |
| TOP OF THE 9TH |
|
Miami Marlins batting - Pitching for Washington Nationals : LHP Rafael Silva
|
|
Batting: RHB Jimmy Groseclose
|
0-0: Called Strike 0-1: Swinging Strike 0-2: Ball 1-2: Ball 2-2: Strikes out swinging
|
|
Batting: RHB Tony Stedman
|
0-0: Foul Ball, location: 2F 0-1: Called Strike 0-2: Ball 1-2: Foul Ball, location: 2F 1-2: Fly out, F6 (Line Drive, 6M, EV 71.2 MPH)
|
|
Batting: LHB Jose Bregaro
|
0-0: Ball 1-0: Foul Ball, location: 2F 1-1: Swinging Strike 1-2: Strikes out swinging
|
| Top of the 9th over - 0 runs, 0 hits, 0 errors, 0 left on base; Miami 9 - Washington 4 |
| BOTTOM OF THE 9TH |
|
Washington Nationals batting - Pitching for Miami Marlins : RHP Chris Funderburg
|
|
Batting: RHB Hisayuki Akiyama
|
0-0: Called Strike 0-1: Ball 1-1: Foul Ball, location: 2F 1-2: Strikes out swinging
|
|
Batting: RHB Takanibu Kaneshiro
|
0-0: Ball 1-0: Foul Ball, location: 2F 1-1: Called Strike 1-2: Ball 2-2: DOUBLE (Flyball, 8LXD, EV 108.1 MPH)
|
|
Batting: RHB Dusty Ballard
|
0-0: Called Strike 0-1: Ball 1-1: Called Strike 1-2: Ball 2-2: Strikes out looking
|
|
Batting: LHB Bi-jun Chien
|
0-0: Ground out 4-3 (Groundball, 4, EV 94.4 MPH)
|
| Bottom of the 9th over - 0 runs, 1 hit, 0 errors, 1 left on base; Miami 9 - Washington 4 |
|